 Dungeon Sprint DCSS version 0.29.1-12-g30fa7ad0bf (webtiles) character file.

Game seed: 1808479926172808591

36453 boopmooplesden the Swordmaster (level 13, -20/154 HPs)
             Began as a Minotaur Berserker on Dec 24, 2022.
             Was the Champion of Trog.
             Killed from afar by a thorn hunter (36 damage)
             ... with a volley of thorns
             ... in the Dungeon (Sprint IX: "|||||||||||||||||||||||||||||").
             The game lasted 00:07:45 (3121 turns).

boopmooplesden the Swordmaster (Minotaur Berserker) Turns: 3121, Time: 00:07:46

Health: -20/154    AC: 29    Str: 23    XL:     13   Next: 53%
Magic:  12/12      EV: 16    Int:  1    God:    Trog [******]
Gold:   1877       SH:  0    Dex: 14    Spells: 12/12 levels left

rFire   + + .      SeeInvis +   b - +8 triple sword of the Goat {vorpal, rPois rF++ Int-3 SInv}
rCold   + . .      Faith    .   (shield currently unavailable)
rNeg    . . .      Spirit   .   D - +2 plate armour {rC+}
rPois   +          Reflect  .   q - +2 hat
rElec   .          Harm     .   m - +1 cloak
rCorr   .          Rampage  .   n - +2 pair of gloves
Will    ++...      NoTele   +   (no boots)
Stlth   ..........              (no amulet)
HPRegen 1.35/turn               l - +2 ring of evasion
MPRegen 0.13/turn               k - +2 ring of evasion

@: strong-willed, on berserk cooldown, regenerating, slowed, very slow
A: horns 2, retaliatory headbutt
a: Renounce Religion, Berserk, Trog's Hand, Brothers in Arms


You were in the Dungeon.
You worshipped Trog.
Trog was exalted by your worship.
You visited 1 branch You collected 1877 gold pieces.

Inventory:

Hand Weapons
 a - a +0 falchion
 b - the +8 triple sword of the Goat (weapon) {vorpal, rPois rF++ Int-3 SInv}
   (Trog gifted it to you in the Dungeon)

   It inflicts extra damage upon your enemies.
   Int:       It affects your intelligence (-3).
   rF:        It greatly protects you from fire.
   rPois:     It protects you from poison.
   SInv:      It lets you see invisible.
 o - a +2 vorpal scimitar
 s - a +4 antimagic great sword
 w - the +6 triple sword "Xahoyfa" {vorpal, rPois rC- Str+4 Stlth+}
   (Trog gifted it to you in the Dungeon)

   It inflicts extra damage upon your enemies.
   Str:       It affects your strength (+4).
   rC:        It makes you vulnerable to cold.
   rPois:     It protects you from poison.
   Stlth:     It makes you more stealthy.
 x - the +4 great sword of Courage {antimagic, Str+8}
   (Trog gifted it to you in the Dungeon)

   It reduces the magical energy of the wielder, and disrupts the spells and
   magical abilities of those it strikes.
   Natural abilities and divine invocations are not affected.
   Str:       It affects your strength (+8).
Armour
 m - a +1 cloak (worn)
 n - a +2 pair of gloves (worn)
 q - a +2 hat (worn)
 D - a +2 plate armour of cold resistance (worn)
Jewellery
 k - a +2 ring of evasion (right hand)
 l - a +2 ring of evasion (left hand)
 y - a ring of protection from cold
 A - a ring of fire
 B - a ring of see invisible
 C - a ring of willpower
Wands
 j - a wand of iceblast (10)
Scrolls
 h - 3 scrolls of blinking
 r - a scroll of enchant weapon
 t - 2 scrolls of fog
 u - a scroll of fear
 v - 2 scrolls of identify
Potions
 c - 8 potions of curing
 d - 7 potions of heal wounds
 e - a potion of haste
 f - 4 potions of magic
 g - a potion of berserk rage
 i - a potion of invisibility
 p - a potion of resistance
 z - 2 potions of attraction {unknown}


   Skills:
 + Level 25.6 Fighting
 O Level 27 Long Blades
 + Level 18.8 Armour
 + Level 10.2 Dodging
 + Level 3.6 Stealth


You had 12 spell levels left.
You didn't know any spells.
Your spell library was empty.

Dungeon Overview and Level Annotations

Branches:
Dungeon (1/1)

Altars:
Cheibriados
Dithmenos
Elyvilon
Fedhas
Gozag
Hepliaklqana
Kikubaaqudgha
Makhleb
Nemelex Xobeh
Okawaru
Qazlal
Ru
Sif Muna
Trog
Uskayaw
Vehumet
Wu Jian
Xom
Yredelemnul
Zin
The Shining One
Jiyva
Lugonu

Shops:
D ?!:(


Innate Abilities, Weirdness & Mutations

You have a pair of horns on your head.
You reflexively headbutt those who attack you in melee.


Message History

r - Retreat! s - Stop attacking. g - Guard the area. f - Follow me.
Anything else - Cancel.
Gang up on whom?
Press: ? - help, Dir - move target, f - thorn hunter
Aim: a thorn hunter Attack!
The thorn hunter hits your stone giant!
The thorn hunter hits your stone giant but does no damage.
Your stone giant hits the thorn hunter!!
The thorn hunter hits your stone giant!
The thorn hunter hits your stone giant but does no damage.
Your stone giant hits the thorn hunter!!
Thorny briars emerge from the ground!
Your stone giant hits the thorn hunter!!!
The thorn hunter fires a volley of thorns at you.
The volley of thorns hits your stone giant!!
Things that are here:
a +0 shortbow; a +1 broad axe of freezing; a naga corpse You hit the briar patch.
You headbutt the briar patch.
The briar patch is severely damaged.
Your stone giant closely misses the thorn hunter.
The thorn hunter hits your stone giant!
Your stone giant dies!
Your stone giant's corpse disappears in a puff of smoke!
Unknown command.
You slash the briar patch!
You destroy the briar patch!
The thorn hunter fires a volley of thorns at you.
The volley of thorns hits you!!
* * * LOW HITPOINT WARNING * * *
The thorn hunter fires a volley of thorns at you.
The volley of thorns hits you!!
* * * LOW HITPOINT WARNING * * *
You're still recovering from your berserk rage.
You slash the briar patch!
The briar patch is severely damaged.
The briar patch crumbles away.
The thorn hunter fires a volley of thorns at you.
The volley of thorns hits you!!!
You die...

♣♣♣♣♣▓▓▓▓▓▓▓▓▓▓▓▓▓▓▓▓▓▓▓▓▓▓▓▓▓▓▓▓
....)H./)....HfP@))).)P))....).†)
♣♣♣♣♣▓▓▓▓▓▓▓▓▓▓▓▓▓▓▓▓▓▓▓▓▓▓▓▓▓▓▓▓
.................................
▓▓▓▓▓▓▓▓▓▓▓▓▓▓▓▓▓▓▓▓▓▓▓▓▓▓▓▓▓▓▓▓▓
)(....))........!.[[[[[[[[.))))))
▓▓▓▓▓▓▓▓▓▓▓▓▓▓▓▓▓▓▓▓▓▓▓▓▓▓▓▓▓▓▓▓▓
.................................
▓▓▓▓▓▓▓▓▓▓▓▓▓▓▓▓▓▓▓▓▓▓▓▓▓▓▓▓▓▓▓▓▓
)∩)∩.)))))....))))))))).......)))


You could see a thorn hunter and a fenstrider witch.

Vanquished Creatures
  A stone giant (D)
  A spark wasp (D)
  An eleionoma (D)
  Josephine (D)
  A rakshasa (D)
  2 hydras (D)
  Erolcha (D)
  2 centaur warriors (D)
  2 merfolk avatars (D)
  A naga warrior (D)
  A tengu warrior (D)
  2 merfolk aquamancers (D)
  A radroach (D)
  A vampire mage (D)
  2 deep troll shamans (D)
  2 naga sharpshooters (D)
  A shock serpent (D)
  Nergalle (D)
  A skeletal warrior (D)
  A salamander mystic (D)
  A goliath frog (D)
  2 pharaoh ants (D)
  A spriggan druid (D)
  A naga ritualist (D)
  A swamp dragon (D)
  A deep elf pyromancer (D)
  7 orc knights (D)
  2 ugly things (D)
  A wolf spider (D)
  4 orc sorcerers (D)
  A moth of wrath (D)
  A salamander (D)
  2 black mambas (D)
  4 cane toads (D)
  An efreet (D)
  4 rime drakes (D)
  2 tengu conjurers (D)
  A tyrant leech (D)
  2 merfolk (D)
  A troll (D)
  2 tarantellas (D)
  4 blink frogs (D)
  2 snapping turtles (D)
  A water elemental (D)
  6 wraiths (D)
  5 yaks (D)
  A basilisk (D)
  A wyvern (shapeshifter) (D)
  2 vampire mosquitoes (D)
  A redback (D)
  A naga (D)
  An acid dragon (D)
  4 water moccasins (D)
  11 orc warriors (D)
  2 kobold brigands (D)
  2 bullfrogs (D)
  A gnoll sergeant (D)
  A howler monkey (D)
  2 hounds (D)
  4 orc priests (D)
  A jelly (D)
  2 orc wizards (D)
  An adder simulacrum (D)
  12 orcs (D)
  A giant cockroach (D)
  A hobgoblin (D)
  3 rats (D)
  A briar patch (D)
142 creatures vanquished.

Vanquished Creatures (collateral kills)
  A hydra (D)
  A troll (D)
2 creatures vanquished.

Grand Total: 144 creatures vanquished

Notes
Turn   | Place    | Note
-------+----------+-------------------------------------------
     0 | D        | boopmooplesden the Minotaur Berserker began the quest for
                  | the Orb.
     0 | D        | Reached XP level 1. HP: 19/19 MP: 0/0
     9 | D        | Reached skill level 4 in Long Blades
     9 | D        | Reached ** piety under Trog
    22 | D        | Noticed a hound
    22 | D        | Noticed a hound
    22 | D        | Noticed a jelly
    30 | D        | Reached *** piety under Trog
    31 | D        | Reached XP level 2. HP: 28/28 MP: 1/1
    32 | D        | Reached skill level 6 in Long Blades
    32 | D        | Reached XP level 3. HP: 33/37 MP: 2/2
    38 | D        | Reached skill level 7 in Long Blades
    38 | D        | Reached XP level 4. HP: 33/47 MP: 3/3
    41 | D        | Found a snail-covered altar of Cheibriados.
    41 | D        | Found a shadowy altar of Dithmenos.
    41 | D        | Found a white marble altar of Elyvilon.
    41 | D        | Found a blossoming altar of Fedhas.
    41 | D        | Found an opulent altar of Gozag.
    42 | D        | Found a hazy altar of Hepliaklqana.
    43 | D        | Found a viscous altar of Jiyva.
    44 | D        | Found an ancient bone altar of Kikubaaqudgha.
    45 | D        | Found a corrupted altar of Lugonu.
    46 | D        | Found a burning altar of Makhleb.
    47 | D        | Found a sparkling altar of Nemelex Xobeh.
    48 | D        | Found an iron altar of Okawaru.
    49 | D        | Found a stormy altar of Qazlal.
    50 | D        | Found a sacrificial altar of Ru.
    51 | D        | Found a shimmering blue altar of Sif Muna.
    52 | D        | Found a bloodstained altar of Trog.
    53 | D        | Found a hide-covered altar of Uskayaw.
    54 | D        | Found a radiant altar of Vehumet.
    55 | D        | Found an ornate altar of the Wu Jian Council.
    56 | D        | Found a shimmering altar of Xom.
    57 | D        | Found a basalt altar of Yredelemnul.
    58 | D        | Found a glowing silver altar of Zin.
    59 | D        | Found a glowing golden altar of the Shining One.
   298 | D        | Noticed a yak
   298 | D        | Noticed an acid dragon
   298 | D        | Noticed a troll
   298 | D        | Noticed a kobold brigand
   298 | D        | Noticed a kobold brigand
   298 | D        | Noticed a gnoll sergeant
   306 | D        | Killed a gnoll sergeant
   307 | D        | Reached skill level 8 in Long Blades
   307 | D        | Reached XP level 5. HP: 13/56 MP: 4/4
   309 | D        | Reached **** piety under Trog
   310 | D        | Reached skill level 9 in Long Blades
   310 | D        | Reached skill level 5 in Armour
   318 | D        | Reached skill level 10 in Fighting
   318 | D        | Reached skill level 10 in Long Blades
   318 | D        | Reached XP level 6. HP: 42/66 MP: 5/5
   321 | D        | Killed a troll
   322 | D        | Reached skill level 11 in Long Blades
   322 | D        | Reached skill level 5 in Dodging
   322 | D        | Reached XP level 7. HP: 53/74 MP: 6/6
   329 | D        | Reached skill level 12 in Long Blades
   334 | D        | Killed a yak
   541 | D        | Noticed a deep elf pyromancer
   541 | D        | Noticed a wraith
   541 | D        | Noticed a troll
   541 | D        | Noticed a tengu conjurer
   541 | D        | Noticed a centaur warrior
   546 | D        | Noticed a fire elemental
   547 | D        | Killed a centaur warrior
   548 | D        | Reached skill level 14 in Long Blades
   548 | D        | Reached skill level 1 in Stealth
   548 | D        | Reached XP level 8. HP: 86/86 MP: 7/7
   552 | D        | Killed a tengu conjurer
   553 | D        | Reached skill level 10 in Armour
   555 | D        | Killed a troll
   555 | D        | Reached ***** piety under Trog
   558 | D        | Reached skill level 15 in Long Blades
   563 | D        | Received a gift from Trog
   564 | D        | Reached XP level 9. HP: 82/95 MP: 8/8
   575 | D        | Killed a deep elf pyromancer
   605 | D        | Noticed Erolcha
   620 | D        | Killed Erolcha
   621 | D        | Reached skill level 15 in Fighting
   621 | D        | Reached skill level 16 in Long Blades
  1016 | D        | Noticed a cane toad
  1016 | D        | Noticed a cane toad
  1016 | D        | Noticed a cane toad
  1020 | D        | Killed a cane toad
  1023 | D        | Killed a cane toad
  1027 | D        | Reached skill level 17 in Long Blades
  1029 | D        | Reached XP level 10. HP: 107/107 MP: 9/9
  1033 | D        | Killed a cane toad
  1043 | D        | Reached ****** piety under Trog
  1043 | D        | Received a gift from Trog
  1080 | D        | Noticed a black mamba
  1087 | D        | Reached skill level 18 in Long Blades
  1101 | D        | Received a gift from Trog
  1105 | D        | Killed a black mamba
  1154 | D        | Noticed a cane toad
  1164 | D        | Killed a cane toad
  1166 | D        | Reached skill level 15 in Armour
  1175 | D        | Reached skill level 19 in Long Blades
  1178 | D        | Received a gift from Trog
  1187 | D        | Reached XP level 11. HP: 106/119 MP: 3/10
  1412 | D        | Noticed an orc knight
  1416 | D        | Identified the +8 triple sword of the Goat {vorpal, rPois
                  | rF++ Int-3 SInv} (Trog gifted it to you in the Dungeon)
  1416 | D        | Received a gift from Trog
  1418 | D        | Noticed an orc knight
  1431 | D        | Killed an orc knight
  1442 | D        | Killed an orc knight
  1672 | D        | Noticed an orc sorcerer
  1674 | D        | Identified the +6 triple sword "Xahoyfa" {vorpal, rPois rC-
                  | Str+4 Stlth+} (Trog gifted it to you in the Dungeon)
  1674 | D        | Received a gift from Trog
  1680 | D        | Killed an orc sorcerer
  1681 | D        | Reached skill level 20 in Long Blades
  1681 | D        | Noticed an orc knight
  1686 | D        | Received a gift from Trog
  1691 | D        | Killed an orc knight
  1904 | D        | Found Ihofuap's Weapon Boutique.
  1904 | D        | Noticed an orc sorcerer
  1904 | D        | Noticed an orc knight
  1908 | D        | Found Kiwom's Book Shop.
  1908 | D        | Noticed an orc knight
  1912 | D        | Killed an orc knight
  1913 | D        | Noticed an orc knight
  1917 | D        | Killed an orc sorcerer
  1917 | D        | Received a gift from Trog
  1918 | D        | Found Vent's Distillery.
  1918 | D        | Noticed an orc sorcerer
  1921 | D        | Found Ryloxu's Magic Scroll Shop.
  1923 | D        | Noticed an orc sorcerer
  1926 | D        | Killed an orc knight
  1927 | D        | Reached skill level 21 in Long Blades
  1931 | D        | Killed an orc knight
  1935 | D        | Paralysed by an orc sorcerer for 2 turns
  1937 | D        | Killed an orc sorcerer
  1941 | D        | Killed an orc sorcerer
  1943 | D        | Noticed an orc knight
  1952 | D        | Killed an orc knight
  1952 | D        | Received a gift from Trog
  2116 | D        | Noticed Josephine
  2126 | D        | Reached skill level 22 in Long Blades
  2128 | D        | Killed Josephine
  2136 | D        | Received a gift from Trog
  2435 | D        | Noticed a purple ugly thing
  2435 | D        | Noticed a skeletal warrior
  2440 | D        | Reached XP level 12. HP: 134/134 MP: 11/11
  2440 | D        | Noticed a centaur warrior
  2445 | D        | Noticed a stone giant
  2450 | D        | Noticed a deep troll shaman
  2454 | D        | Noticed a rakshasa
  2459 | D        | Reached skill level 23 in Long Blades
  2462 | D        | Killed a stone giant
  2463 | D        | Noticed a tengu warrior
  2466 | D        | Noticed a vampire mage
  2469 | D        | Killed a centaur warrior
  2471 | D        | Received a gift from Trog
  2472 | D        | Reached skill level 10 in Dodging
  2473 | D        | Killed a deep troll shaman
  2473 | D        | Noticed a deep troll shaman
  2479 | D        | Killed a rakshasa
  2480 | D        | Reached skill level 24 in Long Blades
  2489 | D        | Killed a tengu warrior
  2498 | D        | Killed a vampire mage
  2501 | D        | Killed a deep troll shaman
  2679 | D        | Noticed Nergalle
  2685 | D        | Killed Nergalle
  2685 | D        | Received a gift from Trog
  2715 | D        | Noticed a merfolk aquamancer
  2715 | D        | Noticed a merfolk avatar
  2715 | D        | Noticed a merfolk aquamancer
  2715 | D        | Noticed a merfolk avatar
  2729 | D        | Killed a merfolk avatar
  2733 | D        | Killed a merfolk avatar
  2737 | D        | Killed a merfolk aquamancer
  2738 | D        | Reached skill level 25 in Long Blades
  2749 | D        | Received a gift from Trog
  2764 | D        | Killed a merfolk aquamancer
  2922 | D        | Noticed a naga warrior
  2926 | D        | Reached XP level 13. HP: 148/148 MP: 12/12
  2928 | D        | Identified the +4 great sword of Courage {antimagic, Str+8}
                  | (Trog gifted it to you in the Dungeon)
  2928 | D        | Received a gift from Trog
  2942 | D        | Reached skill level 26 in Long Blades
  2992 | D        | Noticed a spark wasp
  2994 | D        | Received a gift from Trog
  3012 | D        | Killed a spark wasp
  3021 | D        | Received a gift from Trog
  3078 | D        | Noticed an eleionoma
  3086 | D        | Noticed a thorn hunter
  3089 | D        | Noticed a fenstrider witch
  3103 | D        | Reached skill level 27 in Long Blades
  3106 | D        | Killed an eleionoma
  3106 | D        | Received a gift from Trog
  3121 | D        | Killed from afar by a thorn hunter

Illustrated notes

Levels and vault maps discovered:
D:        linesprint [early_d, line_temple, items_1, d_10, items_2, lair_1,
          lair_end, items_3, orc_1, orc_end, items_4, d_15, swamp_1, shoals_1,
          snake_1, spider_1, d_20, vaults_1, items_5, swamp_end, shoals_end,
          snake_end, spider_end, vaults_end, d_27, items_6, zot_1, zot_end,
          crypt_end, forest_end, elf_end, slime_end, tomb_end, abyss_end,
          pan_hell_end]

Skill      XL: |  1  2  3  4  5  6  7  8  9 10 11 12 13 |
---------------+----------------------------------------+-----
Fighting       | 4 6 7 8 10 11 13 14 15 18 20 23 25 | 25.6
Long Blades    | 4 6 7 8 10 11 14 15 17 19 22 25 27 | 27.0
Armour         | 3 4 6 7 9 10 12 15 16 17 18 | 18.8
Dodging        | 3 4 5 6 7 8 9 10 | 10.2
Stealth        | 1 2 3 |  3.6

Action                   |  1- 3 |  4- 6 |  7- 9 | 10-12 | 13-15 || total
-------------------------+-------+-------+-------+-------+-------++-------
Melee: Falchion          |    23 |       |       |       |       ||    23
       Headbutt          |     5 |     4 |    15 |    53 |    18 ||    95
       Scimitar          |       |    14 |    62 |    54 |       ||   130
       Punch             |       |       |     3 |     2 |       ||     5
       Great sword       |       |       |       |    62 |       ||    62
       Triple sword      |       |       |       |   182 |    72 ||   254
Invok: Berserk           |     1 |     1 |     3 |     8 |     2 ||    15
       Trog's Hand       |       |     1 |     1 |     7 |     2 ||    11
       Brothers in Arms  |       |     1 |       |       |     1 ||     2
  Use: Potion            |       |     1 |       |     1 |     2 ||     4
       Scroll            |       |       |       |     5 |     2 ||     7
Armor: Animal skin       |     3 |       |       |       |       ||     3
       Chain mail        |       |     4 |    18 |    38 |       ||    60
       Plate armour      |       |       |       |    45 |    37 ||    82
Dodge: Dodged            |    12 |     5 |    30 |   113 |    47 ||   207
